Map: Triton LE

Players

TGO - Winner!

  • Race: Terran Terran
  • League: Diamond
  • Spawn Location: 11:00

Mez

  • Race: Terran Terran
  • League: Master
  • Spawn Location: 5:00

VOD

Have the link to the VOD?

Description

Time

  • Played on: Sept. 6, 2019, 2:55 a.m.
  • Length: 10:48
Show
View Real Time Build Order
Export as new Build Order

TGO Terran - Winner!

Build Orders: Hellion Banshee 

Get SALT Encoding   

  12  0:03  SCV  
  13  0:15  SCV  
  13  0:18  Supply Depot  
  14  0:27  SCV  
  15  0:31  Refinery  
  15  0:39  SCV  
  16  0:45  Barracks  
  16  0:52  SCV  
  17  1:04  SCV  
  18  1:16  SCV  
  18  1:17  Refinery  
  19  1:28  SCV  
  19  1:32  Reaper  
  21  1:34  Supply Depot  
  21  1:41  Orbital Command  
  21  1:47  Factory  
  21  2:06  SCV  
  23  2:10  Barracks Reactor  
  22  2:19  SCV  
  23  2:24  Supply Depot  
  23  2:31  SCV, Hellion  
  23  2:32  Starport  
  26  2:43  SCV  
  27  2:55  SCV, Barracks Tech Lab  
  28  3:01  Hellion x2  
  32  3:08  Command Center  
  32  3:23  Cloaking Field, Banshee  
  35  3:29  Hellion  
  35  3:33  Hellion  
  38  3:36  Supply Depot  
  38  3:43  SCV  
  39  3:58  SCV, Hellion x2  
  39  3:59  Supply Depot  
  44  4:06  Banshee  
  47  4:20  Marine, Orbital Command  
  47  4:22  Widow Mine x2  
  52  4:29  SCV  
  53  4:41  SCV  
  54  4:48  SCV  
  54  4:50  Banshee  
  54  4:52  Hellion x2  
  59  4:53  SCV  
  45  5:00  Marine, SCV  
  45  5:05  SCV  
  44  5:12  SCV  
  44  5:13  Hellion x2  
  48  5:17  SCV  
  48  5:19  Factory  
  49  5:26  Marine, SCV  
  50  5:30  SCV  
  50  5:35  Hellion x2  
  55  5:38  SCV  
  55  5:41  Supply Depot  
  55  5:42  Factory  
  53  5:44  Marine  
  53  5:46  Banshee  
  57  5:54  SCV  
  57  5:55  SCV  
  59  5:57  Hellion x2  
  63  6:06  SCV  
  64  6:11  SCV  
  63  6:19  SCV, Hellion  
  62  6:26  Factory Tech Lab  
  62  6:27  Factory Tech Lab  
  62  6:28  Factory  
  62  6:29  SCV  
  62  6:31  Factory  
  62  6:32  Supply Depot  
  61  6:35  SCV  
  62  6:41  SCV  
  62  6:44  Hellion  
  62  6:45  Cyclone, Hellion  
  62  6:46  Cyclone  
  70  6:50  SCV  
  68  6:55  Refinery x2  
  68  7:06  SCV  
  69  7:11  Raven  
  69  7:15  Command Center  
  71  7:18  SCV  
  71  7:19  Hellion x2  
  71  7:20  Factory Tech Lab  
  71  7:21  Factory Tech Lab  
  76  7:31  SCV  
  76  7:33  Supply Depot  
  76  7:35  Cyclone  
  76  7:36  SCV  
  77  7:43  SCV  
  68  7:47  Cyclone x2  
  68  7:49  Hellion x2  
  75  7:51  SCV  
  75  7:57  SCV  
  77  7:59  Cyclone  
  77  8:04  SCV  
  79  8:07  Hellion  
  79  8:10  Hellion x2  
  79  8:12  SCV  
  81  8:19  Cyclone  
  84  8:20  SCV  
  82  8:27  SCV  
  82  8:29  Cyclone  
  82  8:30  Hellion  
  82  8:34  SCV  
  82  8:35  Orbital Command  
  82  8:38  Cyclone  
  82  8:39  SCV  
  84  8:45  Hellion  
  86  8:51  Cyclone, Banshee  
  86  8:55  Refinery x2  
  92  8:56  Bunker  
  92  9:00  Hellion  
  92  9:01  SCV, Hellion  
  97  9:03  SCV  
  97  9:08  Supply Depot  
  98  9:11  Supply Depot  
  98  9:13  SCV  
  98  9:15  SCV  
  100  9:18  SCV  
  101  9:26  Supply Depot  
  101  9:27  Supply Depot  
  101  9:28  Supply Depot  
  101  9:29  Cyclone, SCV  
  101  9:30  Hellion x2  
  109  9:33  Cyclone  
  109  9:35  SCV  
  99  9:39  SCV  
  99  9:42  Cyclone, Hellion  
  103  9:51  Hellion  
  103  9:52  Hellion  
  107  9:55  SCV  
  107  9:58  SCV  
  109  10:01  Banshee  
  109  10:02  Hellion  
  109  10:03  Hellion  
  109  10:05  SCV  
  109  10:06  Hellion  
  119  10:11  SCV x2  
  119  10:12  Hellion  
  123  10:14  Cyclone  
  123  10:17  SCV  
  119  10:22  Hellion  
  119  10:23  SCV  
  130  10:29  Factory  
  130  10:30  Factory  
  130  10:33  SCV  
Show
View Real Time Build Order
Export as new Build Order

Mez Terran 

Build Orders: Gas First Reaper Expand, Hellion Opening 

Get SALT Encoding   

  12  0:00  SCV  
  13  0:13  SCV  
  14  0:18  Supply Depot  
  14  0:25  SCV  
  14  0:27  Refinery  
  15  0:39  SCV  
  16  0:45  Barracks  
  16  0:51  SCV  
  17  1:03  SCV  
  18  1:15  SCV  
  19  1:32  Reaper  
  19  1:33  Orbital Command  
  20  1:51  Command Center  
  20  2:00  Factory  
  20  2:05  SCV  
  20  2:07  Barracks Reactor  
  21  2:14  Supply Depot  
  20  2:26  SCV  
  20  2:27  Refinery  
  21  2:38  SCV  
  21  2:50  Hellion  
  21  2:51  Hellion  
  25  2:52  Barracks Tech Lab  
  25  2:53  Starport  
  25  2:57  SCV  
  26  3:11  Marauder  
  28  3:13  Orbital Command  
  28  3:19  Hellion  
  30  3:33  Hellion  
  30  3:34  Marauder  
  34  3:36  Medivac  
  36  3:48  Hellion  
  38  3:54  Hellion  
  40  3:55  Supply Depot  
  40  3:56  Concussive Shells  
  40  4:00  SCV  
  40  4:01  SCV  
  45  4:20  SCV x2  
  45  4:23  Supply Depot  
  47  4:27  Factory Tech Lab  
  44  4:34  Engineering Bay  
  44  4:42  Raven  
  39  5:04  Cyclone, SCV  
  39  5:05  Marine x2  
  39  5:11  SCV  
  36  5:16  SCV  
  30  5:23  SCV  
  30  5:28  SCV  
  25  5:41  Marine, Raven  
  25  5:42  Marine  
  28  5:44  SCV x2  
  28  5:45  Command Center  
  30  5:56  SCV  
  31  5:58  SCV  
  32  6:08  SCV  
  32  6:10  SCV  
  33  6:17  Cyclone  
  33  6:20  SCV  
  33  6:24  SCV  
  27  6:34  SCV  
  27  6:36  SCV  
  28  6:46  SCV  
  26  6:48  SCV  
  26  6:52  Cyclone  
  30  6:58  SCV  
  31  7:11  SCV x2  
  31  7:12  Orbital Command  
  33  7:16  Starport Reactor  
  31  7:28  SCV  
  30  7:38  Marine, Cyclone  
  34  7:46  SCV x3  
  37  7:56  Marine  
  37  7:57  Viking  
  36  8:14  Marine  
  37  8:32  Marine, SCV x2  
  37  8:33  SCV  
  38  8:38  Viking  
  37  8:44  SCV x2  
  37  8:45  SCV  
  40  8:49  Marine  
  41  8:56  SCV  
  41  8:57  SCV  
  41  8:59  Stimpack  
  43  9:03  SCV  
  43  9:09  SCV x2  
  46  9:10  Siege Tank  
  46  9:15  SCV  
  50  9:21  Marine  
  50  9:22  SCV x2  
  51  9:27  SCV  
  52  9:35  Barracks  
  52  9:36  Starport Reactor  
  52  9:38  Barracks  
  48  9:39  Marine  
  48  9:44  SCV x2  
  48  9:45  Siege Tank  
  51  9:49  SCV  
  51  9:52  Refinery  
  52  9:53  Refinery  
  52  9:56  SCV x2  
  55  10:01  Marauder  
  55  10:04  SCV  
  57  10:08  Barracks, SCV  
  57  10:09  Barracks  
  57  10:10  SCV  
  59  10:16  SCV  
  59  10:20  SCV  
  59  10:23  Marauder  
  59  10:25  SCV  
  59  10:28  SCV  
  65  10:32  SCV  
Tags
 
Add a new tag
Caveats
  • Supply blocks, unpowered buildings, or Contaminate may cause inaccurate times.
  • Supply counts are checked every 10 seconds.